 Dungeon Crawl Stone Soup version 0.21.0 (webtiles) character file.

66 tidbits the Sneak (level 3, -2/14 HPs)
             Began as a Felid Earth Elementalist on Jan 6, 2018.
             Slain by an adder (4 damage)
             ... on level 2 of the Dungeon.
             The game lasted 00:04:00 (495 turns).

tidbits the Sneak (Felid Earth Elementalist)         Turns: 495, Time: 00:04:00

Health: -2/14      AC:  1    Str: 10    XL:     3   Next: 96%
Magic:  6/7        EV: 18    Int: 16    God:
Gold:   66         SH:  0    Dex: 16    Spells: 3/6 levels left
                                        Lives:  0   Deaths: 0

rFire    . . .     SeeInvis +     - Unarmed
rCold    . . .     Gourm    .   (shield unavailable)
rNeg     . . .     Faith    .   (armour unavailable)
rPois    .         Spirit   .   (helmet unavailable)
rElec    .         Reflect  .   (cloak unavailable)
rCorr    .         Harm     .   (gloves unavailable)
MR       .....                  (boots unavailable)
Stlth    +++.......             (no amulet)
HPRegen  0.04/turn              (no ring)
MPRegen  0.10/turn              (no ring)

@: mighty, quick
A: very small, no armour, no weapons or thrown items, stealth, claws 1, fangs 3,
see invisible, carnivore, speed 1, shaggy fur 1, slow metabolism 1, sharp paws
a: no special abilities


You were on level 2 of the Dungeon.
You were not hungry.

You visited 1 branch of the dungeon, and saw 2 of its levels.

You collected 66 gold pieces.

Inventory:

Missiles
 b - 30 stones
Jewellery
 f - a +1 ring of protection {unknown}
   (You found it on level 2 of the Dungeon)
Scrolls
 a - 3 scrolls of identify {unknown}
 e - a scroll of magic mapping {unknown}
 g - a scroll of remove curse {unknown}
Books
 d - a book of Geomancy

   Spells                             Type                      Level
   a - Sandblast                      Earth                        1
   b - Passwall                       Transmutation/Earth          2
   c - Stone Arrow                    Conjuration/Earth            3
   d - Petrify                        Transmutation/Earth          4
   e - Lee's Rapid Deconstruction     Earth                        5
Comestibles
 c - 3 rations


   Skills:
 - Level 2.6 Dodging
 + Level 4.7 Stealth
 + Level 2.4 Unarmed Combat
 - Level 2.0 Spellcasting
 - Level 1.1 Transmutations
 - Level 2.6 Earth Magic


You had 3 spell levels left.
You knew the following spells:

 Your Spells              Type           Power        Failure   Level  Hunger
a - Sandblast             Erth           ##....       7%          1    #......
p - Passwall              Tmut/Erth      #.........   14%         2    ###....


Dungeon Overview and Level Annotations

Branches:
Dungeon (2/15)

Altars:
Okawaru


Innate Abilities, Weirdness & Mutations

You cannot wear armour.
You are incapable of wielding weapons or throwing items.
Your paws allow you to move quietly. (Stealth)
You have sharp claws.
You have razor-sharp teeth.
You have supernaturally acute eyesight. (SInv)
You are carnivorous and can eat meat at any time.
You cover ground quickly.
You are covered in fur. (AC +1)
You have a slow metabolism.
Your sharp claws are effective at attacking unaware monsters.


Message History

A quokka comes into view.
c - 3 rations (gained 1)
There is a fountain of clear blue water here.
You see here an inky potion.
f - an inky potion
Found 6 stones.
Unknown command.
A frilled lizard comes into view.
You see here 6 stones.
You pounce on the unaware helpless frilled lizard!
You claw the frilled lizard!
You kill the frilled lizard!
b - 32 stones (gained 6)
A quokka comes into view.
You open the door.
A gnoll comes into view. It is wielding a spear.
The gnoll shouts!
Found a dagger.
A gnoll comes into view. It is wielding a spear.
It was a potion of might.
You feel very mighty all of a sudden.
You scratch the gnoll.
The gnoll is lightly wounded.
The gnoll closely misses you.
You claw the gnoll!
You kill the gnoll!
Your Stealth skill increases to level 4!
You have reached level 3!
Your experience leads to an increase in your attributes!
Your base attributes are Str 4, Int 16, Dex 16.
Increase (S)trength, (I)ntelligence, or (D)exterity?
You feel stronger.
You barely miss the gnoll. The gnoll closely misses you.
You barely miss the gnoll. The gnoll misses you.
You claw the gnoll!
You kill the gnoll!
Your Unarmed Combat skill increases to level 2!
Things that are here:
a spear x2
There is an open door here.
You open the door.
There is an open door here.
A quokka comes into view.
The quokka closely misses you.
You claw the quokka!
You kill the quokka!
You see here a quokka corpse.
Terence the Incautious comes into view.
He is wielding a short sword.
Found a granite ring.
Found a scroll labeled DARCHY IBUITISM.
An adder comes into view.
You pounce on the unaware helpless Terence!
You claw Terence!
Terence is almost dead.
Terence completely misses you.
Casting: Sandblast
Confirm with . or Enter, or press ? or * to list all spells.
Aiming: Sandblast
Press: ? - help, Shift-Dir - straight line, f - Terence
Aim: Terence, wielding a short sword and wearing a chain mail (almost dead)
The blast of sand hits Terence.
Terence is almost dead.
b - 31 stones Terence barely misses you.
You scratch Terence.
You kill Terence!
Things that are here:
a short sword; a chain mail You see here a granite ring.
f - a granite ring
Found a stone staircase leading down.
You see here a scroll labeled DARCHY IBUITISM.
g - a scroll labeled DARCHY IBUITISM The adder hisses angrily.
Casting: Sandblast
Confirm with . or Enter, or press ? or * to list all spells.
Aiming: Sandblast
Press: ? - help, Shift-Dir - straight line, f - adder
Aim: an adder The blast of sand hits the adder.
The adder is heavily wounded.
b - 30 stones The adder barely misses you.
You closely miss the adder.
The adder is heavily wounded.
The adder misses you. The adder closely misses you.
The adder barely misses you.
You claw the quokka!
You kill the quokka!
You barely miss the adder.
The adder is heavily wounded.
The adder bites you.
* * * LOW HITPOINT WARNING * * *
You closely miss the adder.
The adder is heavily wounded.
The adder bites you.
* * * LOW HITPOINT WARNING * * *
The adder bites you.
You die...

... ... ##### ....
##...##
....#####......###
......#...##.#...#
...♣♣...♣##....♣.##
#...†#..#...P§).#######
#P.♣P.P..§.♣P§P.......#
♣.P.#♣.♣♣...≈♣@♣......#
♣♣P#'#♣.♣♣§♣§P.S......#
♣##.##♣..♣♣.♣♣♣......#
#.).#.♣.............#
##.##.P♣♣♣♣..P......#
#'#.......♣♣.......#
♣♣♣#)♣♣.♣♣♣...#..>...#
♣.....♣.♣....##.#+####
#.♣P..♣.P.♣......#


You could see an adder.

Vanquished Creatures
  Terence (D:2)
  2 gnolls (D:2)
  A leopard gecko (D:2)
  A goblin (D:1)
  2 hobgoblins
  6 jackals
  A kobold (D:1)
  3 quokkas (D:2)
  2 bats (D:1)
  3 frilled lizards
  A rat (D:1)
23 creatures vanquished.

Notes
Turn   | Place    | Note
-------+----------+-------------------------------------------
     0 | D:1      | tidbits the Felid Earth Elementalist began the quest for the Orb.
     0 | D:1      | Reached XP level 1. HP: 7/7 MP: 4/4
    20 | D:1      | Found an iron altar of Okawaru.
    39 | D:1      | Reached skill level 3 in Stealth
   148 | D:1      | Reached skill level 1 in Unarmed Combat
   165 | D:1      | Reached XP level 2. HP: 5/11 MP: 0/6
   169 | D:1      | Learned a level 2 spell: Passwall
   445 | D:2      | Reached skill level 4 in Stealth
   445 | D:2      | Reached XP level 3. HP: 6/14 MP: 7/7
   448 | D:2      | Reached skill level 2 in Unarmed Combat
   464 | D:2      | Noticed Terence
   473 | D:2      | Killed Terence
   495 | D:2      | Slain by an adder

Skill      XL: |  1  2  3 |
---------------+----------+-----
Stealth        | 3 4 |  4.7
Unarmed Combat | 1 2 |  2.4
Dodging        | |  2.6
Spellcasting   | |  2.0
Transmutations | |  1.1
Earth Magic    | |  2.6

Action                   || total
-------------------------++-------
Melee: Unarmed           ||    27
 Cast: Sandblast         ||    21
       Passwall          ||     2
  Use: Potion            ||     1
 Stab: Sleeping          ||     5
Armor: Skin              ||     1
Dodge: Dodged            ||    29

Table legend:
 A = Turns spent in this place as a percentage of turns spent in the entire game.
 B = Non-inter-level travel turns spent in this place as a percentage of non-inter-level travel turns spent in the entire game.
 C = Inter-level travel turns spent in this place as a percentage of turns spent in this place.
 D = Turns resting spent in this place as a percentage of non-inter-level travel turns spent in this place.
 E = Turns spent auto-exploring this place as a percentage of non-inter-level travel turns spent in this place.
 F = Non-inter-level travel turns spent in this place divided by the number of levels of this place that you've seen.
                   A       B       C       D       E      F
               +-------+-------+-------+-------+-------+----------------------
         Total | 100.0 | 100.0 |   0.0 |   0.0 |   0.0 | 247.5
       Dungeon | 100.0 | 100.0 |   0.0 |   0.0 |   0.0 | 247.5
               +-------+-------+-------+-------+-------+----------------------

Table legend:
 A = Kills in this place as a percentage of kills in entire the game.
 B = Kills by you in this place as a percentage of kills by you in the entire game.
 C = Kills by friends in this place as a percentage of kills by friends in the entire game.
 D = Other kills in this place as a percentage of other kills in the entire game.
 E = Experience gained in this place as a percentage of experience gained in the entire game.
 F = Experience gained in this place divided by the number of levels of this place that you have seen.
                   A       B       C       D       E      F
               +-------+-------+-------+-------+-------+----------------------
         Total | 100.0 | 100.0 |   N/A |   N/A | 100.0 |  47.5
       Dungeon | 100.0 | 100.0 |   N/A |   N/A | 100.0 |  47.5
               +-------+-------+-------+-------+-------+----------------------

Vault maps used:
D:1:      scummos_arrival_simple_fountains, okawaru_ov_weapons_minmay
D:2:      wad_woods_tower, serial_forest, infiniplex_forest_pool,
          infiniplex_forest_clump_curved, infiniplex_forest_clump_medium,
          infiniplex_forest_end_3, infiniplex_forest_lined_4_way,
          infiniplex_forest_clump_small, infiniplex_forest_straight_5,
          infiniplex_forest_lined_2, kennysheep_jessica_study, uniq_terence
